 Dungeon Crawl Stone Soup version 0.28.0-49-g6dfe1f597d (console) character file.

Game seed: 14376016945366903263

40118 Faeu the Executioner (level 13, -10/116 HPs)
             Began as a Minotaur Berserker on May 16, 2022.
             Was an Elder of Trog.
             Mangled by a 17-headed hydra (13 damage)
             ... on level 5 of the Lair of Beasts.
             The game lasted 01:20:11 (25679 turns).

Faeu the Executioner (Minotaur Berserker)          Turns: 25679, Time: 01:20:11

Health: -10/116    AC: 19    Str: 30    XL:     13   Next: 72%
Magic:  6/12       EV: 13    Int:  4    God:    Trog [****..]
Gold:   1450       SH:  0    Dex: 17    Spells: 12/12 levels left

rFire   . . .      SeeInvis .   Q - +7 lajatang {holy, rC+ rCorr Str+4 Stlth+, staff}
rCold   + . .      Faith    .   (shield currently unavailable)
rNeg    . . .      Spirit   .   h - +3 chain mail
rPois   .          Reflect  .   (helmet restricted)
rElec   .          Harm     .   L - +0 cloak
rCorr   +          Rampage  .   W - +0 pair of gloves
Will    .....                   y - +0 pair of boots
Stlth   ..........              (no amulet)
HPRegen 0.29/turn               w - +6 ring of dexterity
MPRegen 0.13/turn               (no ring)

@: on berserk cooldown, slowed, very slow
A: horns 2, retaliatory headbutt
a: Renounce Religion, Berserk, Trog's Hand, Brothers in Arms


You were on level 5 of the Lair of Beasts.
You worshipped Trog.
Trog was greatly pleased with you.
You visited 3 branches of the dungeon, and saw 21 of its levels.

You collected 1450 gold pieces.


Innate Abilities, Weirdness & Mutations

You have a pair of horns on your head.
You reflexively headbutt those who attack you in melee.


   Skills:
 + Level 11.1 Fighting
 - Level 22.1 Axes
 + Level 10.7 Armour
 - Level 8.4 Dodging
 + Level 2.7 Evocations


You had 12 spell levels left.
You didn't know any spells.
Your spell library contained the following spells:

 Spells                   Type           Power      Damage    Failure   Level
 Freeze                   Ice            0%         1d3       91%         1
 Blink                    Tloc           0%         N/A       97%         2
 Conjure Flame            Conj/Fire      0%         6-21      100%        3
 Frozen Ramparts          Ice            0%         1d2       100%        3
 Ignite Poison            Fire/Tmut/Pois 0%         N/A       100%        3
 Inner Flame              Hex/Fire       0%         N/A       100%        3
 Lesser Beckoning         Tloc           0%         N/A       100%        3
 Animate Dead             Necr           0%         N/A       100%        4
 Cause Fear               Hex            0%         N/A       100%        4
 Hailstorm                Conj/Ice       0%         3d3       100%        4
 Ice Form                 Ice/Tmut       0%         N/A       100%        4
 Sticky Flame             Conj/Fire      0%         2d3       100%        4
 Summon Ice Beast         Ice/Summ       0%         N/A       100%        4
 Blade Hands              Tmut           0%         N/A       100%        5
 Borgnjor's Vile Clutch   Necr/Erth      0%         N/A       100%        5
 Irradiate                Conj/Tmut      0%         3d13      100%        5
 Manifold Assault         Tloc           0%         N/A       100%        5
 Death Channel            Necr           0%         N/A       100%        6
 Simulacrum               Ice/Necr       0%         N/A       100%        6
 Dragon Form              Tmut           0%         N/A       100%        7
 Discord                  Hex            0%         N/A       100%        8

Inventory:

Hand Weapons
 a - a +3 hand axe {axe}
   (You found it on level 13 of the Dungeon)
 g - a +2 antimagic battleaxe {axe}
   (You took it off a naga on level 3 of the Lair of Beasts)
 B - a +1 hand axe of freezing {axe}
   (You took it off an orc warrior on level 1 of the Orcish Mines)
 Q - the +7 lajatang of Ghostly Expedience (weapon) {holy, rC+ rCorr Str+4 Stlth+, staff}
   (You found it on level 10 of the Dungeon)

   It has been blessed by the Shining One to cause great damage to the undead
   and demons.
   Str:       It affects your strength (+4).
   rC:        It protects you from cold.
   rCorr:     It protects you from acid and corrosion.
   Stlth:     It makes you more stealthy.
 U - a +5 double sword {longrare=g}
   (You took it off Urug on level 11 of the Dungeon)
Missiles
 k - 31 poisoned darts {throwing}
 N - 5 boomerangs {throwing}
 R - 4 silver javelins (quivered) {throwing}
Armour
 b - a +0 plate armour
   (You took it off an orc warrior on level 11 of the Dungeon)
 h - a +3 chain mail (worn)
   (You took it off Terence on level 2 of the Dungeon)
 o - the +1 robe of Eternal Vigilance {rPois rC++ MP-9}
   (You found it on level 4 of the Lair of Beasts)

   rC:        It greatly protects you from cold.
   rPois:     It protects you from poison.
   MP:        It affects your magic capacity (-9).
 y - a +0 pair of boots (worn)
   (You found it on level 6 of the Dungeon)
 C - a +1 leather armour of cold resistance
   (You took it off an orc on level 1 of the Orcish Mines)
 K - a +1 robe of fire resistance
   (You took it off Psyche on level 8 of the Dungeon)
 L - a +0 cloak (worn)
   (You found it on level 8 of the Dungeon)
 W - a +0 pair of gloves (worn)
   (You found it on level 11 of the Dungeon)
Jewellery
 w - a +6 ring of dexterity (left hand)
   (You found it on level 5 of the Dungeon)
Wands
 v - a wand of digging (16)
   (You found it on level 5 of the Dungeon)
 A - a wand of polymorph (10)
   (You found it on level 6 of the Dungeon)
 E - a wand of paralysis (9)
   (You found it on level 7 of the Dungeon)
 V - a wand of iceblast (3)
   (You took it off an orc priest on level 11 of the Dungeon)
 X - a wand of mindburst (4)
   (You found it on level 12 of the Dungeon)
Scrolls
 f - 2 scrolls of blinking {!r}
 i - 7 scrolls of immolation {!r!r}
 j - a scroll of fog {unknown}
 l - 4 scrolls of enchant weapon
 m - 6 scrolls of noise {!r}
 r - 2 scrolls of magic mapping {!r}
 u - 7 scrolls of teleportation {@r4}
 z - a scroll of acquirement {unknown}
 F - 6 scrolls of fear
 G - 2 scrolls of summoning {unknown}
 I - 2 scrolls of enchant armour {unknown}
 J - a scroll of brand weapon {unknown}
 Z - 3 scrolls of holy word
Potions
 c - 3 potions of resistance
 d - 2 potions of mutation {unknown}
 e - 3 potions of heal wounds {@q2}
 n - a potion of flight {unknown}
 p - a potion of ambrosia {unknown}
 q - 3 potions of haste {@q3}
 s - 3 potions of magic
 t - 2 potions of brilliance {unknown}
 D - a potion of might
 H - 3 potions of attraction {!q}
 M - 4 potions of curing {@q1}
 O - 2 potions of berserk rage {!q}
 S - 3 potions of lignification {!q}
Miscellaneous
 x - a condenser vane (inert)
   (You found it on level 4 of the Lair of Beasts)
 Y - a phial of floods
   (You found it on level 12 of the Dungeon)

Dungeon Overview and Level Annotations

Branches:
Dungeon (14/15)            Temple (0/1) D:5            Lair (5/6) D:8
 Shoals (0/4) Lair:3        Snake (0/4) Lair:3          Orc (2/2) D:11
 Vaults (0/5) D:13
  Slime: Lair:5-6       Elf: Orc:2

Altars:
Okawaru
Trog

Shops:
D:5 ([[:   D:11 !

Annotations:
D:7 2 transporters, iamthebeast's ghost, novice HuCj
D:8 1 runed translucent door, MrIGI's ghost, novice DgFE
Lair:2 2 transporters, Alonk's ghost, journeyman DjFE
Lair:5 1 runed translucent door, exclusion: 3 oklob plants, CryoSword's ghost, journeyman DgFE
Orc:2 Jorgrun

#..[ ## #$SP #############.# ####
#.wP. #
####..##P#PP..#.####..####)YP. ##
.....(..........@DwSF....#."..?#.
.............#.###Y#.....#.PPPP#.
.............##.#§#h.............
.............# ..###l............
............#....##..............
#............YP..+...............
#...........P(#...P...°..........
#.....P.......#..#....☼§.......(.
##..###..........##..............
.......#.....##.#.##.............
...........†.#####...............


You could see a catoblepas, a 17-headed hydra, a torpor snail, a polar bear, a
komodo dragon, a blink frog and a water moccasin.


Message History

You now have 174 max hp (+58).
You regained 23 hp, and now have 108/174 hp.
You hack one of the eight-headed hydra's heads off!
The seven-headed hydra grows two more!
You slice the nine-headed hydra!! The nine-headed hydra bites you!
The nine-headed hydra bites you but does no damage.
The nine-headed hydra bites you. The nine-headed hydra misses you.
The nine-headed hydra barely misses you.
The nine-headed hydra bites you but does no damage.
The nine-headed hydra bites you.
The nine-headed hydra closely misses you.
The nine-headed hydra bites you.
A blink frog comes into view.
The nine-headed hydra bites you but does no damage. x3
The nine-headed hydra bites you.
* * * LOW HITPOINT WARNING * * *
The nine-headed hydra bites you but does no damage.
The nine-headed hydra misses you. The nine-headed hydra bites you.
* * * LOW HITPOINT WARNING * * *
The nine-headed hydra barely misses you.
The nine-headed hydra bites you but does no damage. 😨 HP[-25] MP[+1]
You take 25 damage, and now have 83/174 hp.
You slice one of the nine-headed hydra's heads off!
The eight-headed hydra grows two more!
You carve the ten-headed hydra like a ham!!!
The ten-headed hydra stops moving altogether!
A water moccasin comes into view. 😨 HP[+1]
The helpless ten-headed hydra fails to defend itself.
You hack one of the ten-headed hydra's heads off!
The nine-headed hydra grows two more!
You slice the 11-headed hydra!! You headbutt the 11-headed hydra.
The helpless 11-headed hydra fails to defend itself.
You lop one of the 11-headed hydra's heads off!
The ten-headed hydra grows two more!
You slice the 12-headed hydra!!
You headbutt the 12-headed hydra! 😨 HP[+1]
The helpless 12-headed hydra fails to defend itself.
You hack one of the 12-headed hydra's heads off!
The 11-headed hydra grows two more!
You slice the 13-headed hydra!!
The blink frog blinks!
The helpless 13-headed hydra fails to defend itself.
You lop one of the 13-headed hydra's heads off!
The 12-headed hydra grows two more!
You slice the 14-headed hydra!! The blink frog hits you!
* * * LOW HITPOINT WARNING * * *
The blink frog hits you.
* * * LOW HITPOINT WARNING * * *
The blink frog blinks!
The torpor snail bites you but does no damage. 😨 HP[-17]
You take 17 damage, and now have 68/174 hp.
The helpless 14-headed hydra fails to defend itself.
You slice one of the 14-headed hydra's heads off!
The 13-headed hydra grows two more!
You slice the 15-headed hydra!! You headbutt the 15-headed hydra!
The blink frog closely misses you.
The blink frog blinks!
The torpor snail bites you.
* * * LOW HITPOINT WARNING * * *
😨 HP[-4] MP[+1]
You take 4 damage, and now have 64/174 hp.
The helpless 15-headed hydra fails to defend itself.
You hack one of the 15-headed hydra's heads off!
The 14-headed hydra grows two more!
You slice the 16-headed hydra!!
The sentinel's mark upon you fades away.
A komodo dragon comes into view.
The torpor snail barely misses you.
You are too berserk!
The helpless 16-headed hydra fails to defend itself.
You hack one of the 16-headed hydra's heads off!
The 15-headed hydra grows two more!
You chop the 17-headed hydra into pieces!!!
You headbutt the 17-headed hydra.
You are no longer berserk.
You are exhausted.
You feel as though you will be slow longer.
The 17-headed hydra is no longer petrified.
The 17-headed hydra bites you but does no damage.
The 17-headed hydra bites you!
* * * LOW HITPOINT WARNING * * *
The 17-headed hydra barely misses you. x2
The 17-headed hydra bites you but does no damage.
The 17-headed hydra bites you!
* * * LOW HITPOINT WARNING * * *
The 17-headed hydra closely misses you. x3
The 17-headed hydra bites you but does no damage.
The 17-headed hydra misses you. The 17-headed hydra closely misses you.
The 17-headed hydra completely misses you.
The 17-headed hydra bites you!
* * * LOW HITPOINT WARNING * * *
The 17-headed hydra barely misses you.
The 17-headed hydra bites you but does no damage. x2
The torpor snail bites you but does no damage. 😱 HP[-49]
You now have 116 max hp (-58).
The 17-headed hydra bites you!
* * * LOW HITPOINT WARNING * * *
The 17-headed hydra bites you but does no damage. x2
The 17-headed hydra bites you!
You die...

Skill      XL: |  1  2  3  4  5  6  7  8  9 10 11 12 13 |
---------------+----------------------------------------+-----
Axes           | 4 5 6 8 9 13 17 21 22 | 22.1
Fighting       | 4 5 6 8 9 11 | 11.1
Armour         | 3 4 5 6 7 9 10 | 10.7
Dodging        | 3 4 5 6 8 |  8.4
Evocations     | 2 |  2.7

Action                   |  1- 3 |  4- 6 |  7- 9 | 10-12 | 13-15 || total
-------------------------+-------+-------+-------+-------+-------++-------
Melee: Hand axe          |    81 |   159 |   219 |   274 |       ||   733
       Headbutt          |     6 |    25 |    48 |   119 |    53 ||   251
       Punch             |     1 |     1 |     2 |     4 |       ||     8
       Lajatang          |       |       |       |   273 |   129 ||   402
       Battleaxe         |       |       |       |       |    54 ||    54
Throw: Dart              |       |       |       |     4 |       ||     4
       Javelin           |       |       |       |       |     6 ||     6
Invok: Berserk           |     2 |     3 |    14 |    29 |     5 ||    53
Evoke: Wand              |       |       |       |       |     6 ||     6
       Condenser vane    |       |       |       |       |     1 ||     1
  Use: Scroll            |       |       |       |    12 |     3 ||    15
       Potion            |       |       |       |     1 |       ||     1
 Stab: Petrified         |       |       |       |       |     7 ||     7
Armor: Animal skin       |    17 |       |       |       |       ||    17
       Chain mail        |       |    77 |   119 |   179 |    49 ||   424
       Plate armour      |       |       |       |   115 |    52 ||   167
       Robe              |       |       |       |       |     3 ||     3
Dodge: Dodged            |    59 |    66 |   111 |   353 |   153 ||   742

Levels and vault maps discovered:
D:1:      onia_arrival_zoo_common, layout_basic, basic_ecumenical_altar
D:2:      layout_basic, uniq_terence, uniq_natasha
D:3:      layout_loops_corners, minmay_pentomino_pile
D:4:      layout_cave_pools, st_stairs_14
D:5:      layout_basic, minmay_temple_entry_ruins, serial_shops, shop,
          nicolae_take_the_stairs, nicolae_shop_competitors_out_of_business,
          shop_fountains, uniq_duvessa, uniq_menkaure, uniq_grinder
D:6:      layout_basic, grunt_ministairs_2, minmay_a_box_with_orc_wizards_in_it
D:7:      layout_basic, gammafunk_ghost_stat_death
D:8:      layout_loops_ring, erik_lair_dragon, ebering_ghost_funeral_grove,
          uniq_psyche
D:9:      layout_loops_ring, okawaru_gym_becter
D:10:     layout_irregular_city, uniq_erolcha
D:11:     layout_long_grid, erik_orc_4, serial_shops, shop, uniq_urug
D:12:     layout_stronghold, grunt_decor_resistance
D:13:     layout_gridville, skrybe_vaults_entry_preservation
D:14:     layout_basic, kiku_gazebo_pond_becter, gammafunk_ghost_hive,
          kennysheep_another_room
Lair:1:   layout_loops_ring, serial_bayou_shore_a
Lair:2:   beast_lair_carwin_large_4, layout_cave_pods,
          gammafunk_ghost_berserking_beasts
Lair:3:   layout_small_grid, elwin_shoals_entry_rooms,
          minmay_snake_entry_guardpost_small, serial_bayou_lake_a,
          grunt_megastairs_1
Lair:4:   layout_cave_pods
Lair:5:   minmay_lair_oklob_chamber, layout_regular_city,
          dpeg_slime_entry_corner, gammafunk_ghost_grave
Orc:1:    layout_caves, trog_butcher_becter
Orc:2:    grunt_orc_tribal_feast, layout_diamond_mine, nicolae_orc_rockfall,
          guppyfry_library_mini, uniq_snorg, uniq_nessos, uniq_jorgrun

Notes
Turn   | Place    | Note
-------+----------+-------------------------------------------
     0 | D:1      | Faeu the Minotaur Berserker began the quest for the Orb.
     0 | D:1      | Reached XP level 1. HP: 19/19 MP: 0/0
     0 | D:1      | magus.rc [v1.9.6]
     6 | D:1      | Noticed a black mamba
     6 | D:1      | Noticed a swamp drake
     7 | D:1      | Noticed a hound
     7 | D:1      | Noticed a black bear
    38 | D:1      | HP: 4/19 [dart slug/slug dart (3)]
    71 | D:1      | HP: 7/30 [dart slug (1)]
    73 | D:1      | Reached XP level 2. HP: 10/27 MP: 1/1
   533 | D:1      | Found a faded altar of an unknown god.
   595 | D:1      | Reached skill level 4 in Axes
   724 | D:1      | Reached skill level 4 in Fighting
   724 | D:1      | Reached skill level 3 in Armour
   970 | D:1      | Reached XP level 3. HP: 33/33 MP: 2/2
  1078 | D:1      | Reached ** piety under Trog
  1738 | D:2      | Reached skill level 3 in Dodging
  1740 | D:2      | Reached XP level 4. HP: 40/40 MP: 3/3
  2073 | D:2      | Noticed Terence
  2080 | D:2      | Killed Terence
  2249 | D:2      | Noticed Natasha
  2257 | D:2      | Killed Natasha
  2444 | D:2      | Reached XP level 5. HP: 47/47 MP: 4/4
  2515 | D:3      | Noticed an ogre
  2520 | D:3      | Killed an ogre
  2521 | D:3      | Reached skill level 4 in Armour
  2522 | D:3      | Reached skill level 5 in Axes
  2527 | D:3      | Reached skill level 5 in Fighting
  2629 | D:3      | Reached XP level 6. HP: 52/56 MP: 5/5
  2640 | D:3      | Reached skill level 4 in Dodging
  2861 | D:3      | Reached *** piety under Trog
  3906 | D:4      | Reached skill level 5 in Armour
  3906 | D:4      | Reached XP level 7. HP: 62/62 MP: 6/6
  4078 | D:4      | Reached skill level 6 in Fighting
  4170 | D:4      | You fall into a shaft and drop 1 floor!
  4170 | D:5      | Entered Level 5 of the Dungeon
  4183 | D:5      | Found Cythretirgh's Book Emporium.
  4186 | D:5      | Noticed Grinder
  4195 | D:5      | Killed Grinder
  4196 | D:5      | Reached skill level 6 in Axes
  4196 | D:5      | Reached skill level 5 in Dodging
  4289 | D:5      | Reached skill level 6 in Armour
  4289 | D:5      | Reached XP level 8. HP: 71/71 MP: 7/7
  4459 | D:5      | Found Celop's Antique Armour Boutique.
  4590 | D:5      | Noticed Menkaure
  4606 | D:5      | Killed Menkaure
  4607 | D:5      | Reached skill level 7 in Fighting
  4607 | D:5      | Reached skill level 7 in Axes
  4766 | D:5      | Found Rizoy's Weapon Shoppe.
  4779 | D:5      | Noticed Duvessa
  4780 | D:5      | Noticed Dowan
  4790 | D:5      | Killed Duvessa
  4791 | D:5      | Reached skill level 6 in Dodging
  4792 | D:5      | Killed Dowan
  4889 | D:5      | Found Muokies's Armour Shoppe.
  4901 | D:5      | Found a staircase to the Ecumenical Temple.
  5421 | D:6      | Reached skill level 7 in Armour
  5486 | D:6      | You pick up a book of Spatial Translocations {forbidden}
                  | and begin reading...
  5486 | D:6      | You add the spells Blink, Lesser Beckoning and Manifold
                  | Assault to your library.
  5817 | D:6      | You add the spells Conjure Flame, Ignite Poison and Sticky
                  | Flame to your library.
  5846 | D:6      | You pick up a book of Transfigurations {forbidden@e2} and
                  | begin reading...
  5846 | D:6      | You add the spells Irradiate, Blade Hands and Dragon Form
                  | to your library.
  5955 | D:6      | Reached skill level 8 in Fighting
  5955 | D:6      | Reached skill level 8 in Axes
  5955 | D:6      | Reached XP level 9. HP: 60/81 MP: 8/8
  6365 | D:6      | Reached skill level 7 in Dodging
  6602 | D:7      | You pick up a book of Frost {forbidden} and begin
                  | reading...
  6602 | D:7      | You add the spells Freeze, Frozen Ramparts and Hailstorm to
                  | your library.
  6820 | D:7      | Reached skill level 8 in Armour
  7242 | D:7      | Found a transporter.
  7254 | D:7      | Noticed iamthebeast's ghost (novice HuCj)
  7291 | D:7      | Found a transporter.
  7590 | D:8      | Found a runed translucent door.
  7594 | D:8      | Noticed a polar bear
  7594 | D:8      | Noticed MrIGI's ghost (novice DgFE)
  7595 | D:8      | Identified the +8 trident of Teotim Foph {drain, rPois
                  | Will- rCorr Int+5}
  7628 | D:8      | Noticed Psyche
  7637 | D:8      | Killed Psyche
  7771 | D:8      | Reached skill level 9 in Fighting
  7972 | D:8      | Reached skill level 9 in Axes
  8141 | D:8      | You pick up a book of Hexes {forbidden} and begin
                  | reading...
  8141 | D:8      | You add the spells Inner Flame, Cause Fear and Discord to
                  | your library.
  8185 | D:8      | Reached skill level 8 in Dodging
  8311 | D:8      | Noticed a komodo dragon
  8319 | D:8      | Killed a komodo dragon
  8326 | D:8      | Reached skill level 9 in Armour
  8326 | D:8      | Reached XP level 10. HP: 91/91 MP: 9/9
  8597 | D:8      | Reached skill level 10 in Axes
  8674 | D:8      | Found a staircase to the Lair.
  9241 | D:9      | Reached skill level 11 in Axes
  9537 | D:9      | Found an iron altar of Okawaru.
  9581 | D:9      | Noticed a rust devil
  9952 | D:9      | Noticed a centaur warrior
  9967 | D:9      | Killed a centaur warrior
  9968 | D:9      | Reached skill level 12 in Axes
 10401 | D:10     | Entered Level 10 of the Dungeon
 10426 | D:10     | Noticed Erolcha
 10434 | D:10     | Killed Erolcha
 10435 | D:10     | Reached skill level 13 in Axes
 10647 | D:10     | Noticed a two-headed ogre
 10669 | D:10     | Killed a two-headed ogre
 10670 | D:10     | Reached XP level 11. HP: 94/99 MP: 10/10
 11017 | D:10     | Reached skill level 14 in Axes
 11555 | D:10     | Identified the +7 lajatang of Ghostly Expedience {holy, rC+
                  | rCorr Str+4 Stlth+}
 11672 | D:11     | Reached **** piety under Trog
 11739 | D:11     | Noticed Urug
 11766 | D:11     | Killed Urug
 11773 | D:11     | a +5 double sword {longrare=g}; 6 silver javelins
                  | {throwing}; a +0 ring mail
 11776 | D:11     | a +5 double sword {longrare=g}; a +0 ring mail
 11963 | D:11     | Found Poschit's Distillery.
 12128 | D:11     | Reached skill level 15 in Axes
 12146 | D:12     | Noticed a brown ugly thing
 12264 | D:11     | Killed a brown ugly thing
 12432 | D:11     | Found a staircase to the Orcish Mines.
 12488 | D:11     | Noticed a skeletal warrior
 12499 | D:11     | Killed a skeletal warrior
 12500 | D:11     | Noticed a skeletal warrior
 12500 | D:11     | Noticed a skeletal warrior
 12502 | D:11     | Killed a skeletal warrior
 12503 | D:11     | Reached skill level 16 in Axes
 12507 | D:11     | Killed a skeletal warrior
 12515 | D:11     | HP: 23/99 [poisoned by a skeletal warrior]
 13010 | D:11     | U - a +5 double sword {longrare=g}
 13368 | D:12     | You pick up a book of Rime {forbidden} and begin reading...
 13368 | D:12     | You add the spells Ice Form and Summon Ice Beast to your
                  | library.
 13832 | D:12     | Noticed a boulder beetle
 13849 | D:11     | Reached skill level 17 in Axes
 13854 | D:11     | Killed a boulder beetle
 14654 | D:13     | Noticed a centaur warrior
 14655 | D:13     | Reached XP level 12. HP: 73/106 MP: 11/11
 14662 | D:13     | Killed a centaur warrior
 14976 | D:13     | Reached skill level 18 in Axes
 15141 | D:13     | Found a gate to the Vaults.
 15141 | D:13     | Noticed an ironbound preserver
 15150 | D:13     | Killed an ironbound preserver
 15404 | Orc:1    | Entered Level 1 of the Orcish Mines
 15404 | Orc:1    | Noticed an orc high priest
 15410 | D:11     | Killed an orc high priest
 15594 | D:11     | Reached skill level 19 in Axes
 16557 | Orc:1    | Found a bloodstained altar of Trog.
 17239 | Orc:2    | Entered Level 2 of the Orcish Mines
 17239 | Orc:2    | Identified a +2 robe of the Archmagi
 17239 | Orc:2    | Noticed Jorgrun
 17460 | Lair:1   | Entered Level 1 of the Lair of Beasts
 18533 | Lair:2   | Reached skill level 20 in Axes
 19060 | Lair:2   | Noticed a seven-headed hydra
 19066 | Lair:2   | Killed a nine-headed hydra
 19179 | Lair:2   | HP: 25/106 [black mamba (3)]
 19184 | Lair:2   | HP: 28/159 [poisoned by a black mamba]
 19189 | Lair:2   | HP: 14/159 [poisoned by a black mamba]
 19778 | Lair:2   | Reached skill level 21 in Axes
 19967 | Lair:2   | Found a transporter.
 19971 | Lair:2   | Noticed Alonk's ghost (journeyman DjFE)
 19971 | Lair:2   | Noticed a death yak
 19973 | Lair:2   | Noticed a catoblepas
 19986 | Lair:2   | Found a transporter.
 20400 | Lair:2   | Reached XP level 13. HP: 112/112 MP: 12/12
 22037 | Lair:3   | You drop a +5 double sword {longrare=g}.
 22041 | Lair:3   | U - a +5 double sword {longrare=g}
 22359 | Lair:3   | Found a staircase to the Shoals.
 22365 | Lair:3   | Reached skill level 22 in Axes
 22835 | Lair:3   | Found a staircase to the Snake Pit.
 22942 | Lair:3   | You pick up a book of Unlife {forbidden} and begin
                  | reading...
 22942 | Lair:3   | You add the spells Animate Dead, Borgnjor's Vile Clutch and
                  | Death Channel to your library.
 23288 | Lair:4   | Reached skill level 10 in Fighting
 23409 | Lair:4   | Identified the +1 robe of Eternal Vigilance {rPois rC++
                  | MP-9}
 23458 | Lair:4   | Reached skill level 10 in Armour
 23613 | Lair:4   | You pick up a book of the Tundra {forbidden} and begin
                  | reading...
 24740 | Lair:5   | Reached skill level 1 in Evocations
 24914 | Lair:5   | Found a runed translucent door.
 24926 | Lair:5   | Noticed CryoSword's ghost (journeyman DgFE)
 24951 | Lair:5   | Reached skill level 2 in Evocations
 25511 | Lair:5   | Reached skill level 11 in Fighting
 25678 | Lair:5   | HP: 26/116 [17-headed hydra (10)]
 25679 | Lair:5   | HP: 3/116 [17-headed hydra (12)]
 25679 | Lair:5   | Mangled by a 17-headed hydra

Vanquished Creatures
  An ironbound preserver (D:13)
  Erolcha (D:10)
  4 hydras
  2 centaur warriors
  A two-headed ogre (D:10)
  A boulder beetle (D:11)
  3 death yaks (Lair:5)
  Urug (D:11)
  An orc high priest (D:11)
  3 skeletal warriors (D:11)
  A deep elf pyromancer (D:13)
  An ugly thing (D:11)
  3 cyclopes
  A manticore (D:12)
  2 merfolk sirens (Lair:3)
  5 black mambas
  An elephant (Lair:5)
  11 cane toads
  Psyche (D:8)
  6 komodo dragons
  An efreet (D:13)
  A kobold demonologist (D:9)
  A rime drake (Lair:4)
  2 polar bears (Lair:3)
  A troll (D:12)
  Grinder (D:5)
  8 blink frogs
  A slime creature (D:13)
  7 dream sheep
  22 yaks
  2 shadows (D:11)
  2 wyverns
  A human (D:11)
  A hog (shapeshifter) (D:13)
  3 vampires
  6 vampire mosquitoes
  3 basilisks
  2 steam dragons
  2 wargs (D:11)
  Menkaure (D:5)
  4 nagas (Lair:3)
  3 acid dragons
  Duvessa (D:5)
  7 water moccasins
  2 black bears
  2 sky beasts (D:5)
  14 orc warriors
  6 ogres
  2 necrophages
  18 wolves
  4 centaurs
  A kobold brigand (D:9)
  A phantom (D:6)
  10 bullfrogs
  A gnoll sergeant (D:8)
  5 scorpions
  Dowan (D:5)
  10 killer bees
  3 howler monkeys (D:10)
  4 electric eels (Lair:3)
  A bullfrog zombie (D:5)
  A centaur zombie (D:7)
  14 orc priests
  A gnoll shaman (D:6)
  2 hounds
  A bullfrog skeleton (D:7)
  3 iguanas
  Natasha (D:2)
  17 orc wizards
  A scorpion zombie (D:5)
  Terence (D:2)
  6 gnolls
  9 adders
  A white imp (D:7)
  An ufetubus (D:4)
  An adder skeleton (D:4)
  2 worms (D:2)
  7 dart slugs
  46 orcs
  5 bats
  7 endoplasms
  4 giant cockroaches
  9 goblins
  4 hobgoblins
  8 jackals (D:2)
  3 quokkas
  7 ball pythons
  10 frilled lizards
  12 kobolds
  3 rats
405 creatures vanquished.

Vanquished Creatures (others)
  15 fungi
  45 plants
  2 withered plants (Lair:5)
62 creatures vanquished.

Grand Total: 467 creatures vanquished

Table legend:
 A = Non-vault XP
 B = Vault XP
 C = Vault XP percentage of total XP
 D = Non-vault monster count
 E = Vault monster count
 F = Vault count percentage of total count
                 A         B        C        D         E       F
            +---------+---------+-------+---------+---------+-------
      Total |   43149 |   14163 |  24.7 |     325 |      80 |  19.8
            +---------+---------+-------+---------+---------+-------
        D:1 |      49 |       0 |   0.0 |      25 |       0 |   0.0
        D:2 |      85 |      67 |  44.1 |      30 |       2 |   6.2
        D:3 |     289 |     144 |  33.3 |      32 |       7 |  17.9
        D:4 |     278 |       7 |   2.5 |      13 |       2 |  13.3
        D:5 |     745 |     654 |  46.7 |       9 |       4 |  30.8
        D:6 |     700 |     200 |  22.2 |      12 |       5 |  29.4
        D:7 |     776 |       0 |   0.0 |      10 |       0 |   0.0
        D:8 |     926 |    1878 |  67.0 |      14 |       7 |  33.3
        D:9 |    2760 |       0 |   0.0 |      21 |       0 |   0.0
       D:10 |    1691 |     854 |  33.6 |      17 |       1 |   5.6
       D:11 |    7061 |    1574 |  18.2 |      29 |      17 |  37.0
       D:12 |    2223 |       3 |   0.1 |      10 |       1 |   9.1
       D:13 |    1390 |    3055 |  68.7 |       3 |       5 |  62.5
     Lair:1 |    1901 |       0 |   0.0 |       8 |       0 |   0.0
     Lair:2 |    4771 |    2816 |  37.1 |      19 |      16 |  45.7
     Lair:3 |    6368 |    1981 |  23.7 |      27 |       7 |  20.6
     Lair:4 |    4486 |       0 |   0.0 |      14 |       0 |   0.0
     Lair:5 |    4993 |     598 |  10.7 |      10 |       2 |  16.7
      Orc:1 |    1657 |     332 |  16.7 |      22 |       4 |  15.4
            +---------+---------+-------+---------+---------+-------

Illustrated notes

Table legend:
 A = Kills in this place as a percentage of kills in entire the game.
 B = Kills by you in this place as a percentage of kills by you in the entire game.
 C = Kills by friends in this place as a percentage of kills by friends in the entire game.
 D = Other kills in this place as a percentage of other kills in the entire game.
 E = Experience gained in this place as a percentage of experience gained in the entire game.
 F = Experience gained in this place divided by the number of levels of this place that you have seen.
                   A       B       C       D       E      F
               +-------+-------+-------+-------+-------+----------------------
         Total | 100.0 | 100.0 |   N/A |   N/A | 100.0 | 2729.1
       Dungeon |  68.1 |  68.1 |   N/A |   N/A |  47.8 | 1957.8
          Lair |  25.4 |  25.4 |   N/A |   N/A |  48.7 | 5582.8
  Orcish Mines |   6.4 |   6.4 |   N/A |   N/A |   3.5 | 994.5
               +-------+-------+-------+-------+-------+----------------------

Table legend: (Time is in decaauts)
 A = Elapsed time spent in this place.
 B = Non-inter-level travel time spent in this place.
 C = Inter-level travel time spent in this place.
 D = Time resting spent in this place.
 E = Time spent auto-exploring this place.
 F = Levels seen in this place.
 G = Mean time per level.
                   A        B        C        D        E       F      G
               +--------+--------+--------+--------+--------+-----+--------+
         Total |  26341 |  25780 |    561 |   8230 |  10658 |  21 | 1254.3 |
       Dungeon |  16795 |  16362 |    433 |   5150 |   7700 |  14 | 1199.6 |
          Lair |   8475 |   8351 |    124 |   2879 |   2499 |   5 | 1695.0 |
  Orcish Mines |   1069 |   1066 |      3 |    200 |    459 |   2 |  534.5 |
               +--------+--------+--------+--------+--------+-----+--------+

Top non-repeatable levels by time:
  Lair:2: 2656 daAuts
    D:11: 2607 daAuts
  Lair:3: 2513 daAuts
     D:9: 1588 daAuts
     D:8: 1563 daAuts
  Lair:4: 1490 daAuts
    D:10: 1374 daAuts
     D:3: 1362 daAuts
     D:2: 1303 daAuts
     D:6: 1266 daAuts
     D:1: 1238 daAuts
     D:5: 1182 daAuts
    D:12: 1143 daAuts
  Lair:1: 1075 daAuts
   Orc:1: 1062 daAuts
